Map: Ruins of Seras

Players

Haze

  • Race: Zerg Zerg
  • League: Diamond

Hachune - Winner!

  • Race: Terran Terran
  • League: Platinum

VOD

Have the link to the VOD?

Description

Time

  • Played on: March 10, 2016, 10:46 a.m.
  • Length: 12:46
Show
View Real Time Build Order
Export as new Build Order

Haze Zerg 

Build Orders: 3 Hatch before Pool 

Get SALT Encoding   

  12  0:01  Drone  
  13  0:08  Drone  
  14  0:19  Overlord  
  14  0:43  Drone x3  
  17  0:55  Drone  
  18  1:13  Hatchery  
  17  1:25  Hatchery  
  16  1:27  Drone  
  16  1:28  Drone x2  
  19  1:35  Extractor  
  18  1:43  Spawning Pool  
  18  1:47  Drone  
  18  1:50  Drone  
  19  2:07  Overlord  
  19  2:11  Extractor  
  19  2:12  Drone  
  19  2:29  Queen  
  19  2:30  Queen  
  19  2:32  Zergling x4  
  23  2:56  Drone x3  
  26  3:06  Drone x2  
  28  3:13  Drone  
  28  3:14  Drone  
  30  3:21  Metabolic Boost  
  30  3:24  Drone  
  31  3:30  Drone  
  32  3:38  Spore Crawler  
  32  3:39  Drone  
  32  3:40  Drone  
  33  3:53  Drone  
  33  3:54  Drone x3  
  33  3:55  Drone  
  38  4:03  Spore Crawler  
  38  4:05  Extractor  
  38  4:06  Drone x2  
  38  4:20  Lair  
  38  4:21  Drone x2  
  40  4:26  Zergling x4  
  42  4:31  Spine Crawler  
  42  4:36  Drone  
  42  4:48  Overlord x3  
  42  4:59  Extractor  
  41  5:11  Drone x11  
  52  5:16  Zergling x4  
  54  5:33  Spire  
  53  5:37  Zergling x4  
  53  5:38  Zergling x6  
  53  6:14  Drone x4  
  53  6:15  Drone  
  58  6:19  Overlord x6  
  58  6:26  Spore Crawler  
  55  6:33  Queen  
  59  6:46  Mutalisk x4  
  67  6:48  Mutalisk  
  69  7:07  Zergling x2  
  69  7:08  Zergling x20  
  74  7:32  Mutalisk x2  
  78  7:40  Zerg Flyer Weapons Level 1  
  78  7:41  Hatchery x2  
  76  7:45  Drone x2, Evolution Chamber  
  76  7:46  Evolution Chamber  
  76  7:47  Drone  
  76  7:49  Drone  
  76  7:51  Drone  
  79  8:03  Drone x3  
  79  8:05  Baneling Nest  
  81  8:08  Mutalisk x2  
  85  8:30  Drone x4, Spine Crawler  
  85  8:31  Spine Crawler  
  85  8:32  Mutalisk x2  
  85  8:33  Mutalisk  
  93  8:37  Zerg Melee Weapons Level 1  
  93  8:49  Mutalisk x3  
  93  8:54  Zerg Ground Armor Level 1  
  99  9:01  Baneling  
  99  9:02  Baneling x11  
  99  9:14  Queen  
  101  9:28  Mutalisk x3, Extractor  
  101  9:29  Mutalisk x2  
  110  9:31  Extractor  
  109  9:49  Mutalisk  
  109  9:51  Overlord x2  
  111  9:55  Zerg Flyer Armor Level 1  
  111  10:00  Spine Crawler, Spore Crawler  
  111  10:02  Spine Crawler  
  111  10:06  Queen  
  110  10:09  Drone  
  110  10:10  Drone x3  
  110  10:11  Drone x2  
  116  10:37  Zergling x2  
  116  10:38  Zergling x20  
  127  10:55  Infestation Pit  
  124  11:23  Mutalisk  
  126  11:27  Overlord x8  
  124  11:35  Baneling x10  
  86  11:55  Zergling x2  
  86  11:56  Zergling x22  
Show
View Real Time Build Order
Export as new Build Order

Hachune Terran - Winner!

Build Orders: Reaper Expand, MMM Bio 

Get SALT Encoding   

  12  0:00  SCV  
  13  0:13  SCV  
  14  0:18  Supply Depot  
  14  0:25  SCV  
  15  0:39  SCV  
  15  0:42  Barracks  
  16  0:46  Refinery  
  16  0:54  SCV  
  17  1:10  SCV  
  19  1:30  Supply Depot, Orbital Command  
  19  1:32  Reaper  
  19  1:57  Command Center  
  19  1:58  SCV  
  20  2:04  Marine  
  21  2:11  Factory, SCV  
  22  2:23  SCV, Marine  
  24  2:37  SCV  
  24  2:41  Marine  
  26  2:49  SCV  
  27  2:57  Factory Tech Lab  
  27  3:00  Starport  
  27  3:04  SCV  
  28  3:07  Marine  
  28  3:09  Orbital Command  
  29  3:13  Bunker  
  29  3:16  SCV, Refinery  
  30  3:26  Refinery  
  30  3:28  SCV, Marine  
  32  3:36  SCV  
  32  3:40  SCV  
  34  3:42  Siege Tank  
  34  3:48  SCV  
  38  3:53  SCV  
  39  3:57  Viking, Supply Depot  
  39  3:58  Marine  
  39  4:00  SCV  
  43  4:08  SCV  
  44  4:11  Supply Depot  
  44  4:13  Supply Depot  
  44  4:16  Liberator  
  44  4:19  Siege Tank  
  44  4:23  Supply Depot  
  44  4:24  SCV x2  
  49  4:36  SCV x2  
  54  4:38  Refinery  
  54  4:48  SCV x2  
  54  4:51  Siege Tank  
  59  4:58  Barracks Reactor  
  59  5:00  SCV  
  59  5:01  SCV  
  59  5:02  Barracks  
  59  5:03  Barracks  
  61  5:12  SCV  
  61  5:14  SCV  
  63  5:25  SCV  
  64  5:33  SCV  
  68  5:35  Siege Tank  
  68  5:37  Medivac, SCV  
  71  5:46  SCV  
  71  5:47  Marine x2  
  71  5:49  Engineering Bay  
  74  5:51  Engineering Bay, Supply Depot  
  74  5:52  Supply Depot  
  74  5:54  Barracks Tech Lab x2  
  74  6:09  Supply Depot x2  
  74  6:14  Marauder, Marine x2  
  74  6:15  Marauder  
  80  6:18  Liberator  
  80  6:33  Marine x2  
  80  6:34  Siege Tank  
  80  6:36  Marauder  
  90  6:40  Terran Infantry Armor Level 1, Terran Infantry Weapons Level 1  
  90  6:42  Command Center  
  90  6:44  Stimpack  
  90  6:48  SCV x2  
  92  7:08  Marine x3  
  83  7:09  Marauder  
  83  7:13  SCV x2  
  78  7:19  Barracks  
  78  7:20  Barracks  
  75  7:23  Missile Turret  
  75  7:24  Starport Reactor  
  75  7:27  Marauder, Marine x2  
  79  7:30  Missile Turret  
  79  7:31  Marauder, SCV x2  
  83  7:39  Missile Turret  
  83  7:44  Marine  
  83  7:45  Marine  
  83  7:48  Marine  
  83  7:49  Siege Tank  
  83  7:51  SCV x2, Marine  
  91  7:56  Armory  
  92  8:06  Marauder  
  92  8:11  Combat Shields  
  94  8:12  Marine  
  94  8:13  Marine  
  94  8:16  Supply Depot  
  94  8:18  Marauder, Supply Depot  
  98  8:20  Missile Turret  
  98  8:22  Siege Tank  
  98  8:23  Planetary Fortress, Refinery  
  98  8:25  Refinery  
  101  8:27  Marauder  
  101  8:32  SCV x2  
  105  8:37  Missile Turret x2  
  105  8:44  Armory  
  105  8:45  Marine x2  
  105  8:47  Barracks Reactor x2  
  107  8:50  Medivac x2  
  111  9:02  SCV x3  
  114  9:13  Supply Depot  
  114  9:14  Marine x2  
  114  9:16  Concussive Shells, Supply Depot  
  116  9:18  Terran Infantry Weapons Level 2  
  116  9:19  Terran Infantry Armor Level 2  
  116  9:22  Liberator x2  
  116  9:25  SCV x3  
  119  9:34  Marine x3  
  119  9:35  Marauder  
  119  9:37  SCV  
  128  9:52  Thor  
  134  9:54  Marine x2  
  134  9:59  Marine x2  
  137  10:00  Marine x2  
  137  10:01  Marauder  
  142  10:16  Marine x3  
  145  10:21  Marine x3  
  145  10:22  Marauder  
  150  10:29  Liberator  
  150  10:32  Command Center  
  150  10:34  Marauder  
  152  10:40  Supply Depot x2  
  152  10:44  Liberator  
  155  10:51  Terran Vehicle Weapons Level 1  
  155  10:58  Marine x2  
  155  10:59  Supply Depot  
  155  11:01  Thor, Supply Depot x2, Marine x5  
  165  11:15  Marine  
  165  11:16  Marine x2  
  161  11:19  Marine x4  
  163  11:33  Marauder  
  163  11:38  Marine x4  
  163  11:39  Marauder, Marine x2  
  161  11:55  Marauder  
  161  11:56  Marine x2  
  165  12:07  Marine x5  
  127  12:13  Marine  
  127  12:14  Marine  
  127  12:15  Marine  
  128  12:25  Marine x4  
Tags
 
Add a new tag
Caveats
  • Supply blocks, unpowered buildings, or Contaminate may cause inaccurate times.
  • Supply counts are checked every 10 seconds.